Cogmind - Beta 15 @@@ ROGUE MODE // 2025.08.18 @ 23:10:24 Player: Naughtyusername Result: Destroyed by D-53 Grenadier with Mini Grenade Launcher Performance ------------- Evolutions (0) 0 Regions Visited (2) 400 Robots Destroyed (15) 75 Value Destroyed (291) 291 Prototype IDs (3) 60 Alien Tech Used (0) 0 Bonus (14) 14 TOTAL SCORE: 840 Bonus ------- Follower Combat Kills 14 Cogmind --------- Core Integrity 0/250 Matter 290/300 Energy 73/100 System Corruption 2% Temperature Cool (0) Movement Rolling (175) Ox5 Location -10/Mines Parts ------- > --- POWER (1) -------- (None) > --- PROPULSION (2) --- Compact Wheel > --- UTILITY (2) ------ Huge Storage Unit Light Armor Plating > --- WEAPON (2) ------- (None) > --- INVENTORY (25) --- Light Ion Engine Wheel Wheel Wheel Wheel Improved Heat Sink Improved Heat Sink Cargo Storage Unit Large Matter Pod (110) Large Matter Pod (0) Improved Terrain Scanner Light Armor Plating Light Armor Plating Light Armor Plating Tractor Beam EM Pulse Gun EM Pulse Gun Medium Laser Medium Laser Particle Gun Mining Laser Peak State ------------ > --- POWER ------------ Ion Engine > --- PROPULSION ------- Wheel Compact Wheel > --- UTILITY ---------- Improved Heat Sink Huge Storage Unit > --- WEAPON ----------- Medium Laser Mining Laser > --- INVENTORY -------- Wheel Wheel Wheel Improved Heat Sink Cargo Storage Unit Improved Terrain Scanner Seismic Detector Light Armor Plating Tractor Beam EM Pulse Gun Medium Laser Small Laser Particle Gun Light Assault Rifle [Rating: 11] Favorites ----------- Power Ion Engine Engine Ion Engine Propulsion Compact Wheel Wheel Compact Wheel Utility Huge Storage Unit Device Improved Heat Sink Storage Huge Storage Unit Protection Light Armor Plating Weapon Medium Laser Energy Gun Medium Laser Ballistic Gun Light Assault Rifle Special Weapon Mining Laser Build | -11 -10 -10 ------- Run | Yrd Mat Min Slots Evolved . | . . . Power . | . . . Propulsion . | . . . Utility . | . . . Weapon . | . . . Parts Attached 16 | 9 4 3 Power 2 | 1 1 . Engine 2 | 1 1 . Core . | . . . Reactor . | . . . Propulsion 3 | 2 . 1 Treads . | . . . Leg . | . . . Wheel 3 | 2 . 1 Hover . | . . . Flight . | . . . Utility 7 | 3 2 2 Device 3 | 2 1 . Storage 2 | 1 1 . Processor . | . . . Hackware . | . . . Protection 2 | . . 2 Artifact . | . . . Weapon 4 | 3 1 . Energy Gun 2 | 2 . . Energy Cannon . | . . . Ballistic Gun 1 | 1 . . Ballistic Cannon . | . . . Launcher . | . . . Special Weapon 1 | . 1 . Impact Weapon . | . . . Slashing Weapon . | . . . Piercing Weapon . | . . . Special Melee Weapon . | . . . Unidentified Prototypes . | . . . Parts Lost 7 | . . 7 Power 1 | . . 1 Propulsion 2 | . . 2 Utility 2 | . . 2 Weapon 2 | . . 2 Highest Loss Streak 7 | . . 7 To Critical Strikes . | . . . Average Backups 15 | 2 15 23 Power . | . . . Propulsion 3 | . 2 4 Utility 7 | . 7 12 Weapon 4 | 1 4 6 Tool/Special . | . . . Unused Backups 19 | . 1 18 Power 1 | . . 1 Propulsion 4 | . . 4 Utility 8 | . . 8 Weapon 6 | . 1 5 Tool/Special . | . . . Average Slot Usage (%) 99 | . 100 97 Engine 13 | . 14 13 Wheel 27 | . 28 27 Device 13 | . 14 13 Storage 14 | . 14 14 Energy Gun 23 | . 25 17 Special Weapon 4 | . 2 9 Peak Build Rating 11 | 9 11 10 Average Rating 9 | 6 10 9 On Entrance 6 | . 7 11 Naked Turns . | . . . Heaviest Build 90 | 13 90 90 Greatest Support 26 | 26 26 26 Greatest Overweight (x) 3 | . 3 3 Average Overweight (x) 2 | . 2 3 Largest Inventory Capacity 25 | 8 25 25 Average Capacity 22 | 7 23 25 Most Carried 25 | 5 24 25 Average Carried 16 | 2 16 24 Final Capacity 25 | 8 25 25 Final Carried 24 | 5 24 22 Class Distribution -------------------- 100% | Mutant Dominant Class ---------------- Mutant | -10/Materials Mutant | -10/Mines Resources | -11 -10 -10 ----------- Run | Yrd Mat Min Matter Collected 518 | 290 103 125 Remotely . | . . . Salvage Created 518 | 158 340 20 Parts 32 | 7 23 2 Haulers Intercepted 1 | . 1 . Recyclers Shooed . | . . . Parts Field Recycled . | . . . Retrieved Matter . | . . . Parts Self-Destructed . | . . . Prevented . | . . . Kills | -11 -10 -10 ------- Run | Yrd Mat Min Combat Hostiles Destroyed 7 | . 6 1 Guns 6 | . 5 1 Classes Destroyed 8 | 2 5 1 Worker 1 | . 1 . Builder 1 | . 1 . Tunneler 3 | 3 . . Hauler 1 | . 1 . Recycler 1 | 1 . . Watcher 1 | . 1 . Swarmer 1 | . . 1 Grunt 6 | . 6 . Best Kill Streak 2 | 2 2 1 Combat Bots Only 2 | . 2 1 Max Kills in Single Turn 1 | 1 1 1 Gunslinging . | . . . Exploded . | . . . Melee . | . . . Uniques/NPCs Destroyed . | . . . Combat | -11 -10 -10 -------- Run | Yrd Mat Min Hostile Shots Fired 50 | . 28 22 Missed 15 | . 13 2 Hits 35 | . 15 20 Projectile 35 | . 15 20 AOE 12 | . . 12 Critical Strikes 1 | . 1 . Damage Taken 829 | . 219 610 Core 250 | . 57 193 Absorbed by Shields . | . . . Regen/Repaired (Parts) 16 | . 16 . Core Remaining (%) 100 | 100 . . Volleys Fired 57 | 12 42 3 Largest 2 | 2 2 2 Hottest 100 | 100 100 100 Shots Fired 104 | 24 74 6 Gun 93 | 24 63 6 Cannon . | . . . Launcher . | . . . Special 11 | . 11 . Kinetic . | . . . Thermal 104 | 24 74 6 Explosive . | . . . Electromagnetic . | . . . Robot Hit Streak 14 | 7 14 4 Robot Miss Streak 3 | 3 2 2 Penetration Max . | . . . Secondary Targets 1 | . . 1 Max Gunslinging Chain 1 | . . 1 Shots Hit Robots 65 | 17 44 4 Core Hits 25 | 5 19 1 Critical Kills . | . . . Critical Parts Destroyed . | . . . Critical Strikes 5 | . 5 . Burn 5 | . 5 . Melee Attacks . | . . . Impact . | . . . Slashing . | . . . Piercing . | . . . Sneak Attacks . | . . . Combat Hostiles . | . . . Follow-up Attacks . | . . . Damage Inflicted 882 | 213 594 75 Guns 836 | 213 548 75 Cannons . | . . . Explosions . | . . . Melee . | . . . Ramming 46 | . 46 . Kinetic . | . . . Thermal 836 | 213 548 75 Explosive . | . . . Electromagnetic . | . . . Impact . | . . . Slashing . | . . . Piercing . | . . . Highest Corruption 2 | . 2 2 Average Corruption 2 | . 2 2 Corruption Purged . | . . . Corruption Blocked . | . . . Effects 17 | . 16 1 Message Errors 7 | . 6 1 Matter Fused 5 | . 5 . Heat Flow Errors 1 | . 1 . Energy Discharges 1 | . 1 . Data Loss (minor) 2 | . 2 . Misfires 1 | . 1 . Overload Shots . | . . . Overflow Damage . | . . . Projectiles . | . . . Explosions . | . . . Melee . | . . . Knockbacks . | . . . Impact . | . . . Kinetic . | . . . Secondary . | . . . Self-Inflicted Damage 23 | . 23 . Shots . | . . . Rammed 1 | . 1 . Targets Rammed 1 | . 1 . Kicked . | . . . Crushed . | . . . Highest Temperature 272 | 272 249 117 Average Temperature 101 | 114 100 62 Received Heat Transfer 129 | . 129 . Siege Activations . | . . . Martial Activations . | . . . Shielding Activations . | . . . Robots Disrupted . | . . . Combat Hostiles . | . . . Robots Corrupted . | . . . Combat Hostiles . | . . . Parts Fried . | . . . Impact Corruptions . | . . . Robots Melted 1 | . 1 . Combat Hostiles 1 | . 1 . Parts Melted 7 | 3 4 . Heat Transferred 2849 | 629 1998 222 Parts Sabotaged . | . . . Parts Stolen . | . . . Parts Stripped . | . . . Power Chain Reactions . | . . . Alert | -11 -10 -10 ------- Run | Yrd Mat Min Maximum Alert Level . | . . . Low Security (%) 100 | 100 100 100 Level 1 . | . . . Level 2 . | . . . Level 3 . | . . . Level 4 . | . . . Level 5 . | . . . High Security . | . . . Max Security . | . . . Peak Influence 77 | 10 50 77 Initial . | . . . Average 7 | 1 6 13 Influence Increases 317 | 20 220 77 Destroy 0b10 Robot/C 180 | . 120 60 Destroy 0b10 Robot/NC 40 | 20 20 . Destroy Leader 44 | . 34 10 Allied During Kill 7 | . . 7 Successful Hack 21 | . 21 . Destroy Structure 10 | . 10 . Lose Combat Pursuer 15 | . 15 . Influence Decreases 317 | 20 220 77 Time Decay 270 | 20 220 30 Lost Part 7 | . . 7 Lost Ally 40 | . . 40 Squads Dispatched 3 | . 3 . Investigation 2 | . 2 . Extermination . | . . . Reinforcement 1 | . 1 . Assault . | . . . Garrison . | . . . Intercept . | . . . Searches Triggered . | . . . Construction Impeded . | . . . Haulers Reinforced . | . . . Active Scanning Responses . | . . . Cargo Convoy Interrupts . | . . . Stealth | -11 -10 -10 --------- Run | Yrd Mat Min Distress Signals . | . . . Communications Jammed . | . . . Distress Signals . | . . . Times Spotted 21 | . 12 9 Peak Tracking Total 5 | . 2 5 Tactical Retreats 1 | . 1 . Traps | -11 -10 -10 ------- Run | Yrd Mat Min Traps Triggered 2 | . 2 . Indirectly . | . . . Trap Hack Attempts . | . . . Triggered . | . . . Disarmed 4 | . 4 . Reprogrammed . | . . . Reused . | . . . Traps Extracted . | . . . Installed . | . . . Triggered . | . . . Machines | -11 -10 -10 ---------- Run | Yrd Mat Min Machines Disabled . | . . . Max in Single Turn . | . . . Machines Repaired . | . . . Machines Dismantled . | . . . Machines Sabotaged . | . . . Overloaded Fab Kills . | . . . Hacking | -11 -10 -10 --------- Run | Yrd Mat Min Machines Accessed 8 | . 8 . Terminals 6 | . 6 . Fabricators . | . . . Repair Stations 1 | . 1 . Recycling Units 1 | . 1 . Scanalyzers . | . . . Garrison Access . | . . . Total Hacks 29 | . 29 . Successful 18 | . 18 . Failed 11 | . 11 . Catastrophic 1 | . 1 . Database Lockouts . | . . . Manual 14 | . 14 . Terminals 24 | . 24 . Fabricators . | . . . Repair Stations 1 | . 1 . Recycling Units 4 | . 4 . Scanalyzers . | . . . Garrison Access . | . . . Terminal Hacks 8 | . 8 . Prototype ID Bank 2 | . 2 . Branch Access Points 1 | . 1 . Terminal Index 1 | . 1 . Disarm Traps 1 | . 1 . Hauler Manifests 1 | . 1 . Registered Components 1 | . 1 . Zone Layout 1 | . 1 . Fabricator Hacks . | . . . Repair Station Hacks . | . . . Recycling Unit Hacks 1 | . 1 . Retrieve Components 1 | . 1 . Scanalyzer . | . . . Garrison Access Hacks . | . . . Unauthorized Hacks 9 | . 9 . Terminals 6 | . 6 . Botnet 1 | . 1 . Skim 5 | . 5 . Fabricators . | . . . Repair Stations 1 | . 1 . Patch 1 | . 1 . Recycling Units 2 | . 2 . Monitor 1 | . 1 . Reject 1 | . 1 . Scanalyzers . | . . . Garrison Access . | . . . Data Cores Recovered . | . . . Used . | . . . Hacking Detections 6 | . 6 . Full Trace Events . | . . . Feedback Events . | . . . Feedback Blocked . | . . . Robot Schematics Acquired . | . . . Robots Built . | . . . Authchips . | . . . Time . | . . . Total Robot Build Rating . | . . . Part Schematics Acquired . | . . . Parts Built . | . . . Authchips . | . . . Time . | . . . Total Part Build Rating . | . . . Parts Repaired . | . . . Time . | . . . Parts Recycled . | . . . Recycled Matter . | . . . Retrieved Matter . | . . . Retrieved Components 3 | . 3 . Parts Scanalyzed . | . . . Part Schematics Acquired . | . . . Parts Damaged . | . . . Bothacking | -11 -10 -10 ------------ Run | Yrd Mat Min Used RIF Installer . | . . . Robots Hacked . | . . . Non-combat . | . . . Combat . | . . . Robot Hacks Applied . | . . . Relay Couplers Released . | . . . Fabnet Peak Effective % . | . . . Robots Rewired . | . . . Allies Hacked . | . . . Hacks Repelled . | . . . Allies | -11 -10 -10 -------- Run | Yrd Mat Min Total Allies 3 | . . 3 Largest Group 3 | . . 3 Highest-Rated Group 40 | . . 40 Highest-Rated Ally 16 | . . 16 Total Orders . | . . . Ally Attacks 14 | . . 14 Total Damage 156 | . . 156 Kills 2 | . . 2 Allies Corrupted . | . . . Allies Melted . | . . . Intel | -11 -10 -10 ------- Run | Yrd Mat Min Active Infowar (turns) 623 | 54 260 309 Terrain 38 | 38 . . Seismic 585 | 16 260 309 Robot Analysis Total . | . . . Derelict Logs Recovered 1 | . . 1 Drone Launches . | . . . Drone Recoveries . | . . . Exploration | -11 -10 -10 ------------- Run | Yrd Mat Min Turns Passed 1829 | 112 1401 316 Spaces Moved 885 | 66 597 222 Core 1 | 1 . . Treads . | . . . Legs . | . . . Wheels 884 | 65 597 222 Hover . | . . . Flight . | . . . Fastest Speed 50 | 50 90 135 Average Speed 125 | 89 126 135 Slowest Speed 135 | 100 135 135 Overloaded Moves . | . . . Propulsion Burnouts . | . . . Robots Hopped . | . . . Potential Cave-ins 1 | . . 1 Cave-ins Triggered . | . . . Exploration Rate (%) 46 | 4 81 53 Regions Visited 2 Branch Regions 1 Pre-discovered Areas 2 | . 2 . Known Exits Taken 1 | . 1 . Unknown Exits Taken 1 | 1 . . Scrap Searched 1 | . . 1 Spaces Dug 9 | . 9 . Terrain Destroyed 9 | . 9 . Melee . | . . . Projectile 9 | . 9 . AOE . | . . . Terrain Rammed . | . . . Walls Destroyed . | . . . Machines Disabled . | . . . Actions | -11 -10 -10 --------- Run | Yrd Mat Min Total 1470 | 91 1148 231 Wait 476 | . 476 . Move 883 | 65 596 222 Hop . | . . . Pick Up 25 | 3 21 1 Fast Attach 9 | 9 . . Attach 3 | . . 3 Detach 2 | 2 . . Swap 10 | . 8 2 Drop 4 | . 4 . Fire 57 | 12 42 3 Melee . | . . . Ram 1 | . 1 . Kick . | . . . Crush . | . . . Escape Stasis . | . . . Rewire . | . . . Trap . | . . . Miscellaneous . | . . . Route ------- -11/Scrapyard -10/Materials (discovered 6 exits: *Mat x3 / *Min x2 / *Sub) -10/Mines (discovered 2 exits: *Mat / Sub) History --------- Turn | Location | Event 10 | -11/Scrapyard | Discovered new exit (range 15) 113 | -11/Scrapyard | Entered Materials 232 | -10/Materials | Discovered new exit (range 12) 313 | -10/Materials | Build established: Mutant 327 | -10/Materials | Discovered new exit (range 16) 512 | -10/Materials | Discovered new exit (range 13) 673 | -10/Materials | Discovered new exit (range 7) 713 | -10/Materials | Derelicts attacked the area 847 | -10/Materials | Discovered new exit (range 12) 865 | -10/Materials | Identified exit to Mines 946 | -10/Materials | Learned Storage emergency access door positions 1015 | -10/Materials | Learned location of Mines (-10) 1072 | -10/Materials | Learned location of 1 exit from Recycling 1121 | -10/Materials | Identified exit to Materials 1232 | -10/Materials | Learned Storage terminal intel 1268 | -10/Materials | Learned 2 Storage zone layouts 1316 | -10/Materials | Learned location of 1 exit from Recycling 1514 | -10/Materials | Entered Mines 1515 | -10/Mines | Identified exit to Subcaves 1542 | -10/Mines | Assisted by bots powering up and referring to "LRC-V3" 1720 | -10/Mines | Learned Materials terminal intel 1727 | -10/Mines | Discovered exit to Materials (range 12) 1797 | -10/Mines | Assembled infested the area 1824 | -10/Mines | Core integrity fell below 50% 1827 | -10/Mines | Core integrity fell below 20% 1830 | -10/Mines | Destroyed by D-53 Grenadier with Mini Grenade Launcher Last Messages --------------- 01815_ R-06 Scavenger collects Flight Unit. 01818_ U-05 Engineer lays Concrete. 01818_ R-06 Scavenger collects Imp. Heat Sink. 01819_ U-05 Engineer lays Concrete. 01819_ as-50838 destroyed. 01820_ Med. Laser destroyed. 01821_ U-05 Engineer lays Concrete. 01821_ R-06 Scavenger collects Particle Gun. 01822_ U-05 Engineer lays Concrete. 01823_ Seismic Detector destroyed. 01823_ as-60467 destroyed. 01823_ U-05 Engineer builds a Wall. 01825_ The unstable cave ceiling collapses. 01825_ U-05 Engineer destroyed. 01826_ Med. Laser destroyed. 01826_ R-06 Scavenger destroyed. 01827_ U-05 Engineer lays Concrete. 01829_ Lgt. Armor Plating destroyed. 01829_ U-05 Engineer builds a Wall. 01829_ Wheel destroyed. Map ----- +----------------------------------------------------+ | ?????????????????????????????????????????????????? | | ?????????????????????????????????????????????????? | | ?????????????????????????????????????????????????? | | ?????????????????????????????????????????????????? | | ?????????????????????????????????????????????????? | | ?????????????????????????????????????????????????? | | ?????????????????????????????????????????????????? | | ?????????????????????????????????????????????????? | | ???????????????????????????????? ???????????????? | | ??????????????????????????????## ???????????????? | | ?????????????????????????????## ####???????????? | | ?????????????????????????????# ###?????????? | | ?????????????????????????????# ?????????? | | ?????????????????????????????# ??????????? | | ?????????????????????????????# ?????????# | | ?????????????????????????????# ?????????## | | ?????????????????????????????# ?????????## | | ????????? ####???????????????# #?????????# | | ???????? ???????????????# #?????????# | | ???????? ???????????????# ##???????## | | ???????? ????######???## ##?????## | | ??????? ?### ##### #????## | | ??????? % # # !* !###### | | ?????????# # =%= = ! | | ?????????# u |!## % | | ?????????# a @ ! !% ########## | | ?????????# a %d= #?# ## | | ?????????# ## * [d % #?# ##? | | ???????????????#### % ###### #?## ##?? | | ??????????????????## #????# #??####??? | | ???????????????????# ###????# #????????? | | ???????????????????## ##??????# #????????? | | ???????????????????# ##???????# #????????? | | ???????????????????# """ ##????????# #????????? | | ??????????????????# """ #?????????# #????????? | | ??????????????????# """ #?????????# #????????? | | ?????????????????# ##????????## #####????? | | ?????????????????## #?????????# #????? | | ??????????????????## ##?????????# #????? | | ???????????????????## #??????????# #????? | | ???????????????????? #??????????# < """ #????? | | ???????????????????? ???????????# """ #????? | | ????????????????????## #???????????# """ #????? | | ?????????????????????###????????????#########????? | | ?????????????????????????????????????????????????? | | | | | | | | | | | +----------------------------------------------------+ Best States ------------- Heat Dissipation 39 Energy Generation 10 Energy Capacity 250 Matter Stores 300 Matter Capacity 300 Sight Range 16 Terrain Scan Range 16 Terrain Scan Density 10 Armor Coverage 150 Evasion (%) 42 Item Schematics ----------------- None Robot Schematics ------------------ None Fabricated ------------ Nothing Repaired ---------- Nothing Alien Tech Used ----------------- None Achievements -------------- None Challenges ------------ None Game ------ Seed ArmageddonTeleporterShell Manual? 0 Play Time 00:14:03 Cumulative 111.6 hours Start 2025.08.18 @ 22:34:38 End 2025.08.18 @ 23:10:24 Sessions 2 Manual Loads 0 Difficulty Rogue Special Mode None Game No. 48 Rogue 48 Adventurer 0 Explorer 0 Win Type - Total 1 Types 0/0/1/0/0/0/0/0/0/0 Lore% 71 Gallery% 59 Achievement% 76 Wizard Run 0 Options --------- Layout 2 ASCII 0 Keyboard 1 Movement Vi Keybinds 0 Fullscreen 1 Font 28/SwanstonBold Map View 50x52 Zoom Use 0% Tactical HUD 1 Map Filters NONE Filters NONE Steam 1 RUN: 82c0d3fc-9d0a-4077-b373-8a8e0e063acf